cohdb
Replays
Latest Replays
All Replays
Popular Replays
Top Player Replays
Match Explorer
How It Works
Community
CoH3 Stats
Reddit
Sign in to upload your games and track your stats! →
Sign in with Steam
Match 41161382
Unlisted
Match 41161382
Overview
Messages
Build Orders
End
Construct Section Command Post
Selects Canadian Shock Battlegroup
Vickers Machine Gun Team
Infantry Section
Infantry Section
Selects Attacking Spirit
Selects Canadian Shock Section
Canadian Shock Section
Canadian Shock Section
Construct Platoon Command Post
Selects Incendiary Munitions
Selects Pyrotechnics
Humber Armored Car
CMP 15cwt Truck
Canadian Shock Section
TidaL
Old Dad
jellyfish
ookeeii
Adepta Ministorum
rtavarestuga
0
0
Comments
sign in to comment!
No comments posted yet!